Map: King's Cove LE

Players

SpunkyCabage

  • Race: Terran Terran
  • League: Gold
  • Spawn Location: 5:00

WeAreLegion - Winner!

  • Race: Terran Terran
  • League: Gold
  • Spawn Location: 11:00

VOD

Have the link to the VOD?

Description

Time

  • Played on: Dec. 17, 2024, 11:40 p.m.
  • Length: 10:36
Show
View Real Time Build Order
Export as new Build Order

SpunkyCabage Terran 

Build Orders:  

Get SALT Encoding   

  12  0:01  SCV  
  13  0:18  SCV  
  13  0:21  Supply Depot  
  14  0:26  Refinery  
  14  0:30  SCV  
  15  0:45  Barracks  
  15  0:48  SCV  
  16  0:56  Refinery  
  16  1:01  SCV  
  17  1:14  SCV  
  17  1:15  Supply Depot  
  18  1:26  SCV  
  20  1:32  Reaper  
  20  1:39  Orbital Command  
  20  2:02  Engineering Bay  
  20  2:07  Factory  
  20  2:08  Barracks Reactor  
  20  2:14  SCV  
  21  2:30  Supply Depot, SCV  
  22  2:46  Terran Infantry Armor Level 1  
  22  2:48  Marine x2  
  24  2:53  SCV  
  24  2:55  Factory Tech Lab  
  25  3:03  Starport  
  25  3:07  Bunker  
  25  3:12  Marine x2  
  27  3:23  Siege Tank  
  27  3:25  SCV  
  29  4:12  Starport Reactor  
  29  4:15  Siege Tank  
  29  4:17  Marine x2  
  32  4:18  Command Center  
  34  4:33  Bunker  
  34  4:34  Marine  
  34  4:35  Marine, Barracks  
  34  4:37  SCV  
  37  4:43  Supply Depot  
  37  4:52  Marine x2  
  39  5:05  Supply Depot, SCV, Medivac x2  
  44  5:11  Marine  
  45  5:20  SCV  
  46  5:22  Missile Turret  
  46  5:24  Barracks Tech Lab  
  46  5:33  Barracks  
  46  5:36  Refinery  
  46  5:42  Orbital Command  
  46  5:53  Marine, Marauder  
  46  5:54  Refinery  
  49  6:00  Stimpack  
  49  6:06  Medivac  
  49  6:11  Terran Infantry Weapons Level 1  
  51  6:15  Marine x2  
  53  6:19  SCV  
  54  6:28  SCV, Missile Turret  
  54  6:31  SCV  
  56  6:39  Barracks Reactor  
  50  6:55  Marine x3  
  49  7:12  Marine  
  49  7:13  Marine x2  
  49  7:15  Missile Turret  
  36  8:11  Viking  
  31  8:13  Marine x4  
  31  8:14  Marine  
  32  8:31  Marine  
  32  8:37  Missile Turret  
  35  9:10  Siege Tank  
  35  9:16  SCV  
  36  9:27  Missile Turret  
  36  9:29  SCV  
  35  9:31  Marine x3  
Show
View Real Time Build Order
Export as new Build Order

WeAreLegion Terran - Winner!

Build Orders:  

Get SALT Encoding   

  12  0:00  SCV  
  13  0:12  SCV  
  14  0:18  Supply Depot  
  14  0:24  SCV  
  15  0:40  SCV  
  16  0:43  Barracks  
  16  0:49  Refinery  
  16  0:52  SCV  
  17  0:57  Refinery  
  17  1:08  SCV  
  18  1:20  SCV  
  19  1:32  Orbital Command  
  19  1:34  Reaper  
  20  1:46  Factory  
  20  2:00  Supply Depot, SCV  
  21  2:05  Marine  
  22  2:13  SCV  
  23  2:25  SCV  
  23  2:26  Barracks Reactor  
  24  2:31  Hellion  
  24  2:34  Starport  
  25  2:54  SCV  
  25  2:56  Factory Tech Lab  
  26  3:03  Supply Depot  
  26  3:06  SCV  
  26  3:07  Marine x2  
  29  3:18  SCV  
  30  3:21  Bunker  
  30  3:24  Marine x2  
  32  3:30  SCV  
  32  3:31  Factory Tech Lab  
  33  3:42  SCV  
  34  3:58  SCV  
  34  3:59  Banshee  
  34  4:01  Cloaking Field  
  38  4:07  Command Center  
  38  4:10  SCV  
  39  4:19  Supply Depot  
  39  4:40  Marine x2  
  39  4:41  SCV, Siege Tank  
  39  4:43  Supply Depot  
  45  4:47  Barracks  
  45  4:48  Barracks  
  45  4:53  SCV  
  45  4:59  Supply Depot, Marine  
  47  5:04  Marine, Banshee  
  47  5:05  SCV  
  52  5:16  Marine  
  52  5:21  Siege Tank  
  56  5:22  SCV  
  56  5:25  Orbital Command  
  57  5:31  Supply Depot, Marine  
  57  5:33  Supply Depot  
  57  5:34  SCV, Marine  
  60  5:40  Barracks Tech Lab  
  60  5:45  Engineering Bay  
  60  5:46  Barracks Reactor  
  60  5:55  SCV x2  
  62  5:57  Refinery  
  62  6:01  Stimpack  
  62  6:07  Supply Depot, SCV x2  
  62  6:08  Supply Depot  
  64  6:12  Marine  
  64  6:13  Marine  
  66  6:19  SCV x2  
  66  6:24  Marine x2  
  70  6:31  SCV x2  
  72  6:43  SCV x2  
  74  6:47  Marine x4  
  74  6:48  Siege Tank, Marauder  
  83  7:04  Banshee  
  83  7:05  Marine x2  
  88  7:10  Marauder  
  90  7:21  Siege Tank  
  91  7:31  Marauder  
  52  8:02  Marine x4  
  52  8:03  Siege Tank, Marauder  
  48  8:20  Marine x3  
  48  8:24  Marauder  
  53  8:29  SCV x2  
  53  8:32  Marine  
  56  8:35  Siege Tank  
  56  8:37  Marine  
  56  8:38  Marine  
  56  8:41  SCV x2  
  60  8:46  Marauder  
  60  8:48  Marine  
  63  8:50  Marine  
  63  8:53  SCV x2  
  63  8:55  Marine  
  64  9:07  Marauder  
  66  9:28  Marauder  
  68  9:35  Marine x2  
  69  9:50  Marauder  
  68  9:54  SCV x2  
  68  9:56  Marine  
  68  9:57  Marine x3  
  74  10:06  SCV x2  
  76  10:11  Marauder  
  78  10:18  SCV x2  
Tags
 
League
GoldGold
Matchup
TvT
Race
Terran
Replay Pack
December
Spawn Locations
Cross Positions
Add a new tag
Caveats
  • Supply blocks, unpowered buildings, or Contaminate may cause inaccurate times.
  • Supply counts are checked every 10 seconds.